 Dungeon Sprint DCSS version 0.30-a0-269-gf0224bf7b6 (webtiles) character file.

Game seed: 10260073242430003528

298 Low2 the Fighter (level 6, 0/79 HPs)
             Began as an Ogre Cinder Acolyte on Oct 14, 2022.
             Was an Initiate of Ignis.
             Slain by a yak (2 damage)
             ... in the Dungeon (Sprint I: "Red Sonja").
             The game lasted 00:07:04 (419 turns).

Low2 the Fighter (Ogre Cinder Acolyte)               Turns: 419, Time: 00:07:05

Health: 0/79       AC:  3    Str: 19    XL:     6   Next: 36%
Magic:  9/9        EV:  9    Int: 17    God:    Ignis [......]
Gold:   318        SH:  0    Dex:  4    Spells: 9/9 levels left

rFire   + . .      SeeInvis .    a - -1 spear (flame)
rCold   . . .      Faith    .    (no shield)
rNeg    . . .      Spirit   .    b - +0 robe
rPois   .          Reflect  .    (helmet restricted)
rElec   .          Harm     .    (no cloak)
rCorr   .          Rampage  .    (gloves unavailable)
Will    .....      NoTele   +    (boots unavailable)
Stlth   +.........               (no amulet)
HPRegen 0.33/turn                (no ring)
MPRegen 0.11/turn                (no ring)

@: on berserk cooldown, slowed, very slow
A: large, unfitting armour, tough skin 1
a: Renounce Religion, Rising Flame


You were in the Dungeon.
You worshipped Ignis.
Ignis was noncommittal.
You visited 1 branch You collected 318 gold pieces.

Inventory:

Hand Weapons
 a - a -1 spear of flaming (weapon)
Armour
 b - a +0 robe (worn)
Potions
 f - 2 potions of magic


   Skills:
 + Level 10.6 Fighting
 + Level 8.1 Polearms
 + Level 1.9 Dodging
 + Level 2.1 Spellcasting
 + Level 6.6 Fire Magic


You had 9 spell levels left.
You didn't know any spells.
Your spell library contained the following spells:

 Spells                   Type           Power      Damage    Failure   Level
 Scorch                   Fire           48%        2d7       1%          2


Dungeon Overview and Level Annotations

Branches:
Dungeon (1/1)

Altars:
Cheibriados
Dithmenos
Elyvilon
Fedhas
Hepliaklqana
Kikubaaqudgha
Okawaru
Qazlal
Ru
Sif Muna
Trog
Uskayaw
Vehumet
Wu Jian
Yredelemnul
Zin
The Shining One

Shops:
D [


Innate Abilities, Weirdness & Mutations

You are too large for most types of armour.
You have tough skin. (AC +1)


Message History

You can no longer armour yourself in flame.
You can no longer call a swarm of foxfires against your foes.
The yak barely misses you.
A red film seems to cover your vision as you go berserk!
You feel yourself moving faster!
You feel mighty!
The foxfire hits the yak.
The yak is lightly wounded.
The foxfire hits the yak.
The yak is moderately wounded.
The foxfire hits the yak but does no damage.
The yak is moderately wounded.
The foxfire hits the yak but does no damage.
The yak is moderately wounded.
The foxfire hits the yak.
The yak is moderately wounded.
The foxfire hits the yak but does no damage.
The yak is moderately wounded.
The yak gores you!
* * * LOW HITPOINT WARNING * * *
The foxfire hits the yak.
The yak is heavily wounded.
You feel a strong urge to attack something.
The foxfire hits the yak but does no damage.
The yak is heavily wounded.
The foxfire hits the yak.
The yak is heavily wounded.
You feel your anger nearly subside.
There is an ornate altar of the Wu Jian Council here.
You are no longer berserk.
You are exhausted.
You feel yourself slow down. The yak gores you!
* * * LOW HITPOINT WARNING * * *
Okay, then.
Your magic is already full.
Okay, then.
You see here a +0 leather armour.
You hit the yak. You burn the yak.
The yak is heavily wounded.
The yak gores you.
You die...

################
#<.#.)'..#..'..#
#..)).#..'..#..+
#..#####'#####'#
#.§# #..#§..#@#
#§§#__####.§##Y#
#.v#_____##'#_.+
#⌠v#_.∩...'..._#
####_..__##_.#+#
___ ##+# #


You could see a yak.

Vanquished Creatures
  Sigmund (D)
  An ogre (D)
  A jelly (D)
  Ijyb (D)
4 creatures vanquished.

Vanquished Creatures (others)
  55 foxfires (D)
55 creatures vanquished.

Grand Total: 59 creatures vanquished

Notes
Turn   | Place    | Note
-------+----------+-------------------------------------------
     0 | D        | Low2 the Ogre Cinder Acolyte began the quest for the Orb.
     0 | D        | Reached XP level 1. HP: 24/24 MP: 2/2
     2 | D        | Noticed Ijyb
    19 | D        | Killed Ijyb
    20 | D        | Reached skill level 5 in Fighting
    20 | D        | Reached XP level 2. HP: 5/36 MP: 3/3
    20 | D        | Reached XP level 3. HP: 6/44 MP: 4/4
   162 | D        | Noticed an ogre
   169 | D        | Killed an ogre
   170 | D        | Reached skill level 8 in Fighting
   170 | D        | Reached skill level 1 in Dodging
   170 | D        | Reached skill level 5 in Fire Magic
   170 | D        | Reached XP level 4. HP: 41/57 MP: 4/6
   312 | D        | Noticed Sigmund
   328 | D        | Killed Sigmund
   329 | D        | Reached skill level 10 in Fighting
   329 | D        | Reached XP level 5. HP: 69/70 MP: 6/8
   329 | D        | Reached XP level 6. HP: 78/79 MP: 6/9
   368 | D        | Found an ornate altar of the Wu Jian Council.
   368 | D        | Found a shimmering blue altar of Sif Muna.
   370 | D        | Found a radiant altar of Vehumet.
   410 | D        | Found Gaovel Lyse's Armour Emporium.
   410 | D        | Found an ancient bone altar of Kikubaaqudgha.
   410 | D        | Found a hazy altar of Hepliaklqana.
   410 | D        | Found a stormy altar of Qazlal.
   410 | D        | Found a hide-covered altar of Uskayaw.
   410 | D        | Found a blossoming altar of Fedhas.
   410 | D        | Found a bloodstained altar of Trog.
   410 | D        | Found an iron altar of Okawaru.
   410 | D        | Found a basalt altar of Yredelemnul.
   410 | D        | Found a glowing golden altar of the Shining One.
   410 | D        | Found a snail-covered altar of Cheibriados.
   410 | D        | Found a sacrificial altar of Ru.
   410 | D        | Found a glowing silver altar of Zin.
   410 | D        | Found a shadowy altar of Dithmenos.
   410 | D        | Found a white marble altar of Elyvilon.
   410 | D        | Noticed a yak
   417 | D        | HP: 1/79 [yak (17)]
   419 | D        | Slain by a yak

Illustrated notes

Levels and vault maps discovered:
D:        dungeon_sprint_1 [red_sonja_temple_1, red_sonja_temple_small_1]

Skill      XL: |  1  2  3  4  5  6 |
---------------+-------------------+-----
Fighting       | 5 8 10 | 10.6
Polearms       | 4 6 7 8 |  8.1
Fire Magic     | 3 5 6 |  6.6
Dodging        | 1 |  1.9
Spellcasting   | 2 |  2.1

Action                   |  1- 3 |  4- 6 || total
-------------------------+-------+-------++-------
Melee: Spear             |    17 |     9 ||    26
Invok: Foxfire Swarm     |     4 |     4 ||     8
       Fiery Armour      |     1 |       ||     1
  Use: Potion            |     1 |     3 ||     4
       Scroll            |       |     1 ||     1
Armor: Robe              |     2 |     1 ||     3
Dodge: Dodged            |     5 |     6 ||    11

Table legend: (Time is in decaauts)
 A = Elapsed time spent in this place.
 B = Non-inter-level travel time spent in this place.
 C = Inter-level travel time spent in this place.
 D = Time resting spent in this place.
 E = Time spent auto-exploring this place.
 F = Levels seen in this place.
 G = Mean time per level.
                   A        B        C        D        E       F      G
               +--------+--------+--------+--------+--------+-----+--------+
         Total |    402 |    402 |      0 |    265 |      0 |   1 |  402.0 |
       Dungeon |    402 |    402 |      0 |    265 |      0 |   1 |  402.0 |
               +--------+--------+--------+--------+--------+-----+--------+

Top non-repeatable levels by time:
       D: 402 daAuts
